 Dungeon Crawl Stone Soup version 0.29.1-2-gbd0b4ee654 (webtiles) character file.

Game seed: 7828004768449027342

447 croobank the Caller (level 6, -1/50 HPs)
             Began as a Demigod Summoner on Oct 26, 2022.
             Slain by an orc
             ... wielding a +0 mace
              (5 damage)
             ... on level 3 of the Dungeon.
             The game lasted 00:16:40 (4711 turns).

croobank the Caller (Demigod Summoner)              Turns: 4711, Time: 00:16:41

Health: -1/50      AC:  2    Str:  9    XL:     6   Next: 44%
Magic:  5/14       EV: 13    Int: 25    God:
Gold:   189        SH:  0    Dex: 14    Spells: 2/11 levels left

rFire   . . .      SeeInvis .   i - +0 dagger (venom)
rCold   . . .      Faith    .   (no shield)
rNeg    . . .      Spirit   .   a - +0 robe
rPois   .          Reflect  .   (no helmet)
rElec   .          Harm     .   (no cloak)
rCorr   .          Rampage  .   (no gloves)
Will    +....                   (no boots)
Stlth   ++........              (no amulet)
HPRegen 0.16/turn               o - ring of willpower
MPRegen 0.14/turn               (no ring)

@: no status effects
A: high MP 1, forlorn, divine attributes
a: no special abilities


You were on level 3 of the Dungeon.
You visited 1 branch of the dungeon, and saw 4 of its levels.

You collected 189 gold pieces.

Inventory:

Hand Weapons
 e - a +0 short sword
 i - a +0 dagger of venom (weapon)
Missiles
 n - a throwing net (quivered)
Armour
 a - a +0 robe (worn)
 g - a +0 ring mail
Jewellery
 o - a ring of willpower (left hand)
 p - a ring of flight
 t - a ring of positive energy
Scrolls
 d - a scroll of fear
 h - 2 scrolls of immolation {unknown}
 k - a scroll of butterflies {unknown}
 q - a scroll of teleportation {unknown}
Potions
 b - a potion of magic
 c - a potion of heal wounds
 l - a potion of ambrosia
 m - a potion of mutation
 s - a potion of flight {unknown}


   Skills:
 + Level 2.8 Fighting
 + Level 3.4 Dodging
 - Level 1.7 Stealth
 + Level 3.3 Spellcasting
 + Level 1.2 Hexes
 + Level 4.7 Summonings


You had 2 spell levels left.
You knew the following spells:

 Your Spells              Type           Power      Damage    Failure   Level
a - Summon Small Mammal   Summ           100%       N/A       1%          1
b - Call Imp              Summ           27%        N/A       1%          2
c - Call Canine Familiar  Summ           27%        N/A       4%          3
d - Summon Guardian Gole  Hex/Summ       19%        N/A       9%          3

Your spell library contained the following spells:

 Spells                   Type           Power      Damage    Failure   Level
 Ozocubu's Armour         Ice            4%         N/A       30%         3
 Summon Lightning Spire   Summ/Air       16%        N/A       36%         4
 Ozocubu's Refrigeration  Ice            2%         4d7       100%        7


Dungeon Overview and Level Annotations

Branches:
Dungeon (4/15)
 Temple: D:4-7


Innate Abilities, Weirdness & Mutations

You have an increased reservoir of magic. (+10% MP)
You shall have no god before yourself.
Your divine heritage dramatically boosts your attributes as you level up.


Message History

Your hound completely misses the orc.
Your white imp barely misses something.
Casting: Summon Small Mammal (safe; 1% risk of failure)
Confirm with . or Enter, or press ? or * to list all spells.
Your bat barely misses something.
The ufetubus hits you but does no damage. x2
The hound bites you but does no damage. The orc completely misses you.
Your hound bites the orc but does no damage.
Something hits you.
* * * LOW HITPOINT WARNING * * *
Your white imp barely misses something.
The hound attacks as you move away! The hound misses you.
The ufetubus attacks as you move away! The ufetubus barely misses you.
The ufetubus hits you.
* * * LOW HITPOINT WARNING * * *
Your bat hits the ufetubus but does no damage.
Your hound bites the orc but does no damage.
Something hits you.
* * * LOW HITPOINT WARNING * * *
Your quokka barely misses the orc.
The hound bites you but does no damage. The ufetubus barely misses you.
The ufetubus hits you.
* * * LOW HITPOINT WARNING * * *
Your white imp hits the ufetubus but does no damage.
You swap places.
Your bat hits something.
The hound bites your white imp but does no damage.
The ufetubus closely misses you. The ufetubus misses you.
Something hits you but does no damage.
Your hound bites the orc but does no damage.
The orc hits your white imp but does no damage.
Your quokka bites the orc.
Your white imp misses the ufetubus.
Something hits you.
* * * LOW HITPOINT WARNING * * *
The ufetubus hits your white imp but does no damage.
The ufetubus barely misses your white imp.
The hound bites your white imp but does no damage.
Your hound bites the orc but does no damage.
Your bat hits the hound but does no damage.
Your quokka bites the orc.
A magic dart appears from out of thin air!
The magic dart hits your white imp. The orc hits you with a +0 mace.
You die...

#.# #.#####################
#.....................#
#.###################.# #.#
######## #.# #.# #......# #.#
#.# #......########.#######
#.# #.............#.#......
#.# #...r.@.......#.#.#...#
##.########.o5.......#..<.....
#..........hh{5........###....
##.(.......b..................
#.###..........######.####...
#.# #.................#......
#.# #......####.......#.#....
#.# ####...##.#.#.#.#.#.#.#.#
#.# #...#.................


You could see a hound, an orc (ally target), an ufetubus, a friendly hound
(summoned), a friendly white imp (summoned), a friendly quokka (summoned) and a
friendly bat (summoned).

Vanquished Creatures
  A worm (D:2)
  2 bat skeletons (D:4)
  A bat zombie (D:4)
  A giant cockroach (D:3)
  A jackal (D:3)
  A kobold (D:4)
  2 quokkas
  3 ball pythons
  A rat (D:1)
13 creatures vanquished.

Vanquished Creatures (collateral kills)
  Sigmund (D:2)
  A scorpion (D:4)
  An iguana (D:4)
  Terence (D:2)
  4 gnolls (D:2)
  6 adders
  A worm (D:3)
  A dart slug (D:2)
  4 orcs (D:3)
  4 ball pythons
  4 bats
  2 bat zombies (D:4)
  8 endoplasms
  A giant cockroach (D:2)
  5 goblins
  2 hobgoblins
  2 jackals (D:3)
  7 kobolds
  3 quokkas
  A frilled lizard (D:3)
  4 rats
63 creatures vanquished.

Grand Total: 76 creatures vanquished

Notes
Turn   | Place    | Note
-------+----------+-------------------------------------------
     0 | D:1      | croobank the Demigod Summoner began the quest for the Orb.
     0 | D:1      | Reached XP level 1. HP: 14/14 MP: 5/5
   479 | D:1      | Reached XP level 2. HP: 12/22 MP: 4/7
   482 | D:1      | Learned a level 2 spell: Call Imp
  1208 | D:2      | Reached skill level 1 in Fighting
  1595 | D:2      | Reached XP level 3. HP: 28/28 MP: 2/8
  1779 | D:2      | Noticed Terence
  1784 | D:2      | Learned a level 3 spell: Call Canine Familiar
  1796 | D:2      | Killed Terence
  1797 | D:2      | Reached skill level 4 in Summonings
  1875 | D:2      | Noticed Sigmund
  1903 | D:2      | Killed Sigmund
  1904 | D:2      | Reached XP level 4. HP: 36/36 MP: 7/11
  1904 | D:2      | Reached XP level 5. HP: 41/41 MP: 7/12
  1908 | D:2      | Learned a level 3 spell: Summon Guardian Golem
  3393 | D:3      | Reached XP level 6. HP: 36/50 MP: 5/13
  4290 | D:4      | Reached skill level 1 in Hexes
  4711 | D:3      | Slain by an orc

Illustrated notes

Levels and vault maps discovered:
D:1:      onia_arrival_handbag, layout_loops_ring, basic_ecumenical_altar,
          wad_floor_pattern_2
D:2:      layout_loops_corners, minmay_misc_feat_iff, chequers_decorated_corner,
          uniq_terence, uniq_sigmund
D:3:      layout_basic, st_stairs_12, roderic_lattice_a, minmay_hedge_maze
D:4:      minmay_diamond_boxcup, layout_layer_cave, kennysheep_vampire_church

Skill      XL: |  1  2  3  4  5  6 |
---------------+-------------------+-----
Dodging        | 2 3 |  3.4
Spellcasting   | 2 3 |  3.3
Fighting       | 1 2 |  2.8
Summonings     | 4 |  4.7
Hexes          | 1 |  1.2
Stealth        | |  1.7

Action                   |  1- 3 |  4- 6 || total
-------------------------+-------+-------++-------
Melee: Unarmed           |    15 |       ||    15
       Dagger            |    12 |    66 ||    78
       Punch             |       |     1 ||     1
 Cast: Summon Small Mamm |    38 |    36 ||    74
       Call Imp          |    13 |    14 ||    27
       Call Canine Famil |     2 |    24 ||    26
  Use: Scroll            |       |     6 ||     6
       Potion            |       |     2 ||     2
 Stab: Sleeping          |     1 |     1 ||     2
Armor: Robe              |     8 |    41 ||    49
Dodge: Dodged            |    43 |   125 ||   168
